 Dungeon Crawl Stone Soup version 0.25-a0-785-gb22c70e (webtiles) character file.

Game seed: 9320994209195118274, levelgen mode: deterministic

2452 robertstho the Spear-Bearer (level 9, -9/109 HPs)
             Began as a Merfolk Berserker on Apr 17, 2020.
             Was a Priest of Trog.
             Mangled by a two-headed ogre
             ... wielding a +0 giant club
              (15 damage)
             ... on level 7 of the Dungeon.
             The game lasted 00:11:28 (6657 turns).

robertstho the Spear-Bearer (Merfolk Berserker)     Turns: 6657, Time: 00:11:29

Health: -9/109     AC: 12    Str: 21    XL:     9   Next: 50%
Magic:  9/9        EV: 10    Int:  6    God:    Trog [***...]
Gold:   141        SH:  0    Dex: 13    Spells: 8/8 levels left

rFire    . . .     SeeInvis .   s - +2 spear (flame)
rCold    . . .     Gourm    +   (no shield)
rNeg     . . .     Faith    .   v - +0 chain mail
rPois    .         Spirit   .   (no helmet)
rElec    .         Reflect  .   p - +0 cloak
rCorr    .         Harm     .   (no gloves)
MR       .....                  t - +1 pair of boots
Stlth    ..........             g - amulet of the gourmand
HPRegen  0.28/turn              (no ring)
MPRegen  0.11/turn              (no ring)

@: berserking, very quick
A: change form in water, swift swim, stealthy swim
a: Berserk, Trog's Hand, Renounce Religion


You were on level 7 of the Dungeon.
You worshipped Trog.
Trog was most pleased with you.
You were very full.

You visited 1 branch of the dungeon, and saw 8 of its levels.

You collected 365 gold pieces.
You spent 224 gold pieces at shops.

Inventory:

Hand Weapons
 s - a +2 spear of flaming (weapon)
Missiles
 k - 2 throwing nets (quivered)
Armour
 p - a +0 cloak (worn)
 t - a +1 pair of boots (worn)
 v - a +0 chain mail (worn)
Jewellery
 g - an amulet of the gourmand (around neck)
Wands
 h - a wand of clouds (6)
 r - a wand of paralysis (8)
Scrolls
 e - a scroll of remove curse
 f - a scroll of fog {unknown}
 j - a scroll of immolation {unknown}
 w - a scroll of magic mapping {unknown}
Potions
 d - a potion of curing
 i - 2 potions of heal wounds {unknown}
 l - a potion of stabbing
 m - a potion of lignification {unknown}
 q - 3 potions of mutation
 z - a potion of haste {unknown}
 A - a potion of invisibility
Comestibles
 a - a chunk of flesh
 c - 5 rations


   Skills:
 * Level 7.7 Fighting
 * Level 12.4 Polearms
 + Level 3.8 Armour
 + Level 6.0 Dodging
 + Level 2.2 Stealth


You had 8 spell levels left.
You didn't know any spells.
Your spell library was empty.

Dungeon Overview and Level Annotations

Branches:
Dungeon (8/15)             Temple (0/1) D:6
   Lair: D:8-11

Altars:
Gozag
Hepliaklqana
Makhleb
Vehumet

Shops:
D:6 (:*   D:7 !


Message History

The two-headed ogre is lightly wounded.
You hit the two-headed ogre. You burn the two-headed ogre.
The two-headed ogre is lightly wounded.
You puncture the two-headed ogre! You burn the two-headed ogre.
The two-headed ogre is moderately wounded.
You hit the two-headed ogre. You burn the two-headed ogre.
The two-headed ogre is heavily wounded.
The two-headed ogre hits you with a +0 giant club!!
* * * LOW HITPOINT WARNING * * *
The two-headed ogre hits you but does no damage.
You puncture the two-headed ogre! You burn the two-headed ogre.
The two-headed ogre is heavily wounded.
You puncture the two-headed ogre! You burn the two-headed ogre.
The two-headed ogre is almost dead.
You barely miss the two-headed ogre.
The two-headed ogre is almost dead.
You barely miss the two-headed ogre.
The two-headed ogre is almost dead.
The two-headed ogre hits you with a +0 giant club!
You die...

...# #.........#
...########.........#
...|...............##
..÷########.........#
÷).# #.........# .###
#.........# .#
#.........# .#
#......O..## .######
###....@....## ......#
#............# ......#
#............# ......#
##............#
......###..#....>....##
..........###.[.#...##
......##### #.#####.#
......# ##.# #.#
......# #..# #.#


You could see a two-headed ogre.

Vanquished Creatures
  Menkaure (D:4)
  2 orc warriors
  2 black bears (D:7)
  A phantom (D:7)
  An ice beast (D:7)
  A sky beast (D:5)
  A necrophage (D:6)
  3 ogres
  A bullfrog (D:7)
  3 scorpions
  2 howler monkeys
  3 crimson imps
  6 orc priests
  A jelly (D:7)
  A hound (D:5)
  A bullfrog skeleton (D:6)
  4 orc wizards
  2 iguanas (D:6)
  8 worker ants
  7 adders
  7 gnolls
  A howler monkey skeleton (D:6)
  A river rat (D:4)
  A shadow imp (D:6)
  An ooze (D:2)
  2 adder skeletons (D:4)
  A worm (D:3)
  12 leopard geckos
  25 orcs
  8 bats
  5 giant cockroaches
  3 goblins
  5 hobgoblins (D:1)
  6 jackals
  2 quokkas
  2 ball pythons
  7 frilled lizards
  A giant cockroach zombie (D:3)
  A kobold (D:1)
  5 rats
147 creatures vanquished.

Vanquished Creatures (others)
  2 orc wizards
  18 fungi (D:8)
  A plant (D:8)
21 creatures vanquished.

Grand Total: 168 creatures vanquished

Notes
Turn   | Place    | Note
-------+----------+-------------------------------------------
     0 | D:1      | robertstho the Merfolk Berserker began the quest for the
                  | Orb.
     0 | D:1      | Reached XP level 1. HP: 18/18 MP: 1/1
   246 | D:1      | Reached XP level 2. HP: 24/24 MP: 2/2
   304 | D:1      | Reached skill level 5 in Polearms
   586 | D:1      | Reached XP level 3. HP: 21/30 MP: 3/3
   751 | D:2      | Reached ** piety under Trog
   861 | D:2      | Reached XP level 4. HP: 38/38 MP: 4/4
  1092 | D:2      | Found a burning altar of Makhleb.
  1098 | D:2      | Found a hazy altar of Hepliaklqana.
  1773 | D:4      | Reached skill level 6 in Polearms
  1773 | D:4      | Reached XP level 5. HP: 36/43 MP: 5/5
  2065 | D:4      | Reached skill level 1 in Stealth
  2148 | D:4      | Noticed Menkaure
  2162 | D:4      | Killed Menkaure
  2162 | D:4      | Reached skill level 7 in Polearms
  2162 | D:4      | Reached XP level 6. HP: 50/50 MP: 6/6
  2290 | D:4      | Reached skill level 5 in Fighting
  2531 | D:4      | Reached skill level 8 in Polearms
  3241 | D:5      | Entered Level 5 of the Dungeon
  3241 | D:5      | Noticed a sky beast
  3268 | D:5      | Killed a sky beast
  3268 | D:5      | Reached XP level 7. HP: 19/56 MP: 7/7
  3704 | D:5      | Reached skill level 9 in Polearms
  3899 | D:5      | Reached skill level 5 in Dodging
  4624 | D:6      | Reached XP level 8. HP: 56/64 MP: 8/8
  4660 | D:6      | Found Helaack's Weapon Boutique.
  4703 | D:6      | Reached skill level 10 in Polearms
  4711 | D:6      | Found an opulent altar of Gozag.
  4892 | D:6      | Found Eheadit's Elemental Accessories.
  4993 | D:6      | Found a radiant altar of Vehumet.
  5012 | D:6      | Reached *** piety under Trog
  5025 | D:6      | Reached skill level 11 in Polearms
  5098 | D:6      | Found a staircase to the Ecumenical Temple.
  5175 | D:6      | Found Jaklupef's Book Shop.
  5502 | D:7      | Reached XP level 9. HP: 72/72 MP: 9/9
  5605 | D:7      | Found Doires's Distillery.
  5611 | D:7      | Bought a potion of invisibility for 112 gold pieces
  5611 | D:7      | Bought a potion of mutation for 112 gold pieces
  5652 | D:7      | Reached skill level 12 in Polearms
  6616 | D:8      | Noticed a two-headed ogre
  6657 | D:7      | Mangled by a two-headed ogre

Levels and vault maps discovered:
D:1:      dpeg_arrival_circle_labyrinth_a, layout_basic,
          wander_ebering_terrifying_dragon_lair
D:2:      layout_loops_ring, minitemple
D:3:      layout_loops_ring, lemuel_coloured_pillars_altar, uniq_ijyb
D:4:      layout_layer_cave, gup_sewer_entry_bowl, kennysheep_cross_room,
          uniq_menkaure
D:5:      layout_loops_cross, first_ration, st_stairs_8, eino_tiny_chamber
D:6:      layout_loops_ring, lemuel_doored_altar, kennysheep_little_box,
          minmay_temple_entry_ruins, serial_shops, shop, shop,
          nicolae_elemental_shop
D:7:      layout_rooms, serial_shops, shop
D:8:      layout_loops_cross, due_lair_maze_entry_diamond, uniq_prince_ribbit1,
          uniq_erica, uniq_maurice

Skill      XL: |  1  2  3  4  5  6  7  8  9 |
---------------+----------------------------+-----
Polearms       | 5 6 7 8 9 11 12 | 12.4
Dodging        | 3 4 5 6 |  6.0
Fighting       | 4 5 6 7 |  7.7
Stealth        | 1 2 |  2.2
Armour         | 2 3 |  3.8

Action                   |  1- 3 |  4- 6 |  7- 9 || total
-------------------------+-------+-------+-------++-------
Melee: Spear             |   133 |   184 |   562 ||   879
Invok: Berserk           |       |     5 |    12 ||    17
       Trog's Hand       |       |       |     4 ||     4
  Use: Potion            |       |     1 |       ||     1
       Scroll            |       |       |    13 ||    13
 Stab: Sleeping          |     2 |     2 |       ||     4
  Eat: Chunk             |       |    10 |    34 ||    44
       Ration            |       |       |     2 ||     2
Armor: Animal skin       |    24 |     9 |       ||    33
       Ring mail         |       |     7 |    99 ||   106
       Chain mail        |       |       |     2 ||     2
Dodge: Dodged            |    96 |    87 |   233 ||   416

Table legend:
 A = Non-vault XP
 B = Vault XP
 C = Vault XP percentage of total XP
 D = Non-vault monster count
 E = Vault monster count
 F = Vault count percentage of total count
                 A         B        C        D         E       F
            +---------+---------+-------+---------+---------+-------
      Total |    3184 |     320 |   9.1 |     144 |       5 |   3.4
            +---------+---------+-------+---------+---------+-------
        D:1 |      31 |       3 |   8.8 |      20 |       1 |   4.8
        D:2 |      66 |       0 |   0.0 |      15 |       0 |   0.0
        D:3 |      11 |       0 |   0.0 |       6 |       0 |   0.0
        D:4 |     289 |     188 |  39.4 |      18 |       3 |  14.3
        D:5 |     338 |     129 |  27.6 |      12 |       1 |   7.7
        D:6 |    1176 |       0 |   0.0 |      39 |       0 |   0.0
        D:7 |    1188 |       0 |   0.0 |      27 |       0 |   0.0
        D:8 |      85 |       0 |   0.0 |       7 |       0 |   0.0
            +---------+---------+-------+---------+---------+-------
